 Dungeon Crawl Stone Soup version 0.29-a0-901-g46a8461d6a (webtiles) character file.

Game seed: 15612401404263909965

3560 inmateoo the Cleaver (level 9, -6/80 HPs)
             Began as a Minotaur Fighter on July 24, 2022.
             Mangled by a two-headed ogre
             ... wielding a +0 giant club
              (12 damage)
             ... on level 7 of the Dungeon.
             The game lasted 00:05:39 (6361 turns).

inmateoo the Cleaver (Minotaur Fighter)             Turns: 6361, Time: 00:05:40

Health: -6/80      AC: 14    Str: 21    XL:     9   Next: 83%
Magic:  8/8        EV:  8    Int:  5    God:
Gold:   339        SH:  6    Dex: 14    Spells: 8/8 levels left

rFire   . . .      SeeInvis .   a - +1 war axe
rCold   + . .      Faith    .   c - +0 buckler
rNeg    + . .      Spirit   .   w - +0 plate armour
rPois   .          Reflect  .   (helmet restricted)
rElec   .          Harm     .   (no cloak)
rCorr   .          Rampage  .   q - +0 pair of gloves
Will    .....                   (no boots)
Stlth   ..........              j - amulet of regeneration
HPRegen 1.03/turn               k - ring of positive energy
MPRegen 0.11/turn               p - ring of protection from cold

@: no status effects
A: horns 2, retaliatory headbutt
a: no special abilities


You were on level 7 of the Dungeon.
You visited 2 branches of the dungeon, and saw 8 of its levels.

You collected 417 gold pieces.
You spent 78 gold pieces at shops.

Inventory:

Hand Weapons
 a - a +1 war axe (weapon)
Missiles
 n - a throwing net (quivered)
Armour
 c - a +0 buckler (worn)
 q - a +0 pair of gloves (worn)
 w - a +0 plate armour (worn)
Jewellery
 j - an amulet of regeneration (around neck)
 k - a ring of positive energy (left hand)
 p - a ring of protection from cold (right hand)
 s - a ring of protection from cold
Wands
 o - a wand of mindburst (10)
Scrolls
 e - 2 scrolls of amnesia
 f - 2 scrolls of fear
 g - 2 scrolls of teleportation {unknown}
 r - a scroll of identify
Potions
 d - 4 potions of might
 h - a potion of magic
 i - a potion of berserk rage {unknown}
 l - 6 potions of flight
 t - a potion of brilliance
 u - 2 potions of curing
 v - a potion of invisibility


   Skills:
 + Level 7.7 Fighting
 * Level 10.3 Axes
 + Level 7.6 Armour
 + Level 6.1 Dodging
 + Level 7.8 Shields


You had 8 spell levels left.
You didn't know any spells.
Your spell library contained the following spells:

 Spells                   Type           Power      Damage    Failure   Level
 Beastly Appendage        Tmut           0%         N/A       100%        1
 Ensorcelled Hibernation  Hex/Ice        0%         N/A       100%        2
 Passwall                 Tmut/Erth      0%         N/A       100%        2
 Wereblood                Tmut           0%         N/A       100%        2
 Conjure Flame            Conj/Fire      0%         6-21      100%        3
 Gell's Gravitas          Tloc           0%         N/A       100%        3
 Ignite Poison            Fire/Tmut/Pois 0%         N/A       100%        3
 Lesser Beckoning         Tloc           0%         N/A       100%        3
 Spider Form              Tmut/Pois      0%         N/A       100%        3
 Swiftness                Air            0%         N/A       100%        3
 Teleport Other           Tloc           0%         N/A       100%        3
 Sticky Flame             Conj/Fire      0%         2d3       100%        4


Dungeon Overview and Level Annotations

Branches:
Dungeon (7/15)             Temple (1/1) D:6

Altars:
Ashenzari
Cheibriados
Elyvilon
Fedhas
Makhleb
Nemelex Xobeh
Okawaru
Qazlal
Ru
Sif Muna
Trog
Uskayaw
Vehumet
Wu Jian
Zin
The Shining One

Shops:
D:2 (?[

Annotations:
D:7 2 runed translucent doors


Innate Abilities, Weirdness & Mutations

You have a pair of horns on your head.
You reflexively headbutt those who attack you in melee.


Message History

The centaur kicks you but does no damage.
The grasping roots constrict the centaur.
The roots release their grip on the centaur.
The centaur wields a +0 shortbow.
The centaur shoots an arrow.
The arrow hits you!
Aiming: Fastroot
Press: ? - help, Shift-Dir - straight line The roots erupt in riotous growth!
Roots grab the two-headed ogre.
Roots grab the centaur.
The grasping roots constrict the centaur!
The grasping roots constrict the two-headed ogre.
The centaur struggles to escape constriction.
You block the two-headed ogre's attack.
The two-headed ogre hits you with a +0 dire flail!
The grasping roots constrict the centaur.
You kill the centaur!
The grasping roots constrict the two-headed ogre!
The roots release their grip on the two-headed ogre.
Aiming: Fastroot
Press: ? - help, Shift-Dir - straight line, f - two-headed ogre
Aim: a two-headed ogre, wielding a +0 giant club and a +0 dire flail (lightly wounded)
The roots erupt in riotous growth!
Roots grab the two-headed ogre.
The now-empty wand crumbles to dust.
The grasping roots constrict the two-headed ogre.
The two-headed ogre escapes!
Aiming: Mindburst
Press: ? - help, Shift-Dir - straight line, f/p - two-headed ogre
Aim: a two-headed ogre, wielding a +0 giant club and a +0 dire flail (moderately wounded, chance to affect: 47%)
The two-headed ogre's minds are blasted!!
The two-headed ogre hits you with a +0 giant club!!
The two-headed ogre completely misses you.
Aiming: Mindburst
Press: ? - help, Shift-Dir - straight line, f/p - two-headed ogre
Aim: a two-headed ogre, wielding a +0 giant club and a +0 dire flail (severely wounded, chance to affect: 47%)
The two-headed ogre resists with some effort.
The two-headed ogre hits you with a +0 giant club!!
* * * LOW HITPOINT WARNING * * *
The two-headed ogre hits you with a +0 dire flail!
You die...

##.#.#..####.##)#.#).
#..#.###..##=#.##.#..
#..#.#.##.##.##.#.#..
#..##.#)######...##..
#...###'# #'###...
#.#.....######.......
#.##.#.##8([8##.###..
#....#.#8....8#.# #(.
####@O.)......+.# #..
##..'......+.# #..
#..#8....8#.###..
#..##8[)8##......
#...######...####
#.#..........#
#....^......##
#############


You could see a two-headed ogre.

Vanquished Creatures
  Pikel (D:7)
  A manticore (D:7)
  2 steam dragons
  An acid dragon (D:7)
  A water moccasin (D:5)
  An orc warrior (D:7)
  2 sky beasts
  4 ogres
  5 centaurs
  A lemure (D:7)
  2 phantoms
  2 bullfrogs
  4 scorpions
  2 howler monkeys (D:6)
  2 hounds
  An orc priest (D:7)
  3 gnoll boudas (D:7)
  3 jellies
  Terence (D:2)
  2 iguanas
  9 adders
  16 gnolls
  A white imp (D:6)
  An ufetubus (D:6)
  2 worms
  2 dart slugs
  12 orcs
  4 bats
  5 endoplasms
  6 giant cockroaches
  5 goblins
  7 hobgoblins
  10 jackals
  4 kobolds
  5 quokkas
  7 ball pythons
  3 frilled lizards
  3 rats
143 creatures vanquished.

Vanquished Creatures (others)
  8 fungi (D:3)
  3 plants (D:3)
11 creatures vanquished.

Grand Total: 154 creatures vanquished

Notes
Turn   | Place    | Note
-------+----------+-------------------------------------------
     0 | D:1      | inmateoo the Minotaur Fighter began the quest for the Orb.
     0 | D:1      | Reached XP level 1. HP: 19/19 MP: 0/0
   176 | D:1      | Reached XP level 2. HP: 27/27 MP: 1/1
   361 | D:1      | Reached skill level 3 in Axes
   652 | D:2      | Reached XP level 3. HP: 33/33 MP: 2/2
   653 | D:2      | Reached skill level 1 in Dodging
   665 | D:2      | Reached XP level 4. HP: 23/40 MP: 3/3
   793 | D:2      | Found Mamyud's Magic Scroll Emporium.
   806 | D:2      | Bought a scroll of identify for 26 gold pieces
   806 | D:2      | Bought a scroll of identify for 26 gold pieces
   806 | D:2      | Bought a scroll of identify for 26 gold pieces
   832 | D:2      | Found Bearit's Armour Shop.
  1002 | D:2      | Reached skill level 4 in Axes
  1253 | D:2      | Noticed Terence
  1263 | D:2      | Killed Terence
  1264 | D:2      | Reached XP level 5. HP: 47/47 MP: 4/4
  1315 | D:2      | Found a faded altar of an unknown god.
  1390 | D:2      | Found Gediz's Weapon Boutique.
  1923 | D:3      | Found a blossoming altar of Fedhas.
  2066 | D:3      | Found a bloodstained altar of Trog.
  2438 | D:4      | Noticed a sky beast
  2457 | D:4      | Killed a sky beast
  2458 | D:4      | Reached skill level 5 in Axes
  2458 | D:4      | Reached XP level 6. HP: 39/53 MP: 5/5
  2791 | D:4      | Reached skill level 5 in Shields
  2799 | D:4      | Reached skill level 5 in Fighting
  2819 | D:4      | Reached skill level 5 in Armour
  2819 | D:4      | Reached XP level 7. HP: 61/61 MP: 6/6
  2874 | D:4      | Found a glowing silver altar of Zin.
  2950 | D:4      | Reached skill level 6 in Axes
  3257 | D:5      | Entered Level 5 of the Dungeon
  3269 | D:5      | Noticed a steam dragon
  3278 | D:5      | Killed a steam dragon
  3619 | D:5      | Identified the +2 short sword of Pestilence {elec, MP+9
                  | Dex+2}
  3882 | D:5      | Reached skill level 7 in Axes
  3882 | D:5      | Reached XP level 8. HP: 60/70 MP: 7/7
  4345 | D:6      | Found a staircase to the Ecumenical Temple.
  4352 | D:6      | Reached skill level 8 in Axes
  4355 | Temple   | Entered the Ecumenical Temple
  4896 | D:7      | Found a white marble altar of Elyvilon.
  4906 | D:7      | Reached XP level 9. HP: 24/78 MP: 8/8
  5188 | D:7      | Found a large runed translucent door.
  5188 | D:7      | Found a large runed translucent door.
  5203 | D:7      | Reached skill level 5 in Dodging
  5211 | D:7      | Noticed a manticore
  5216 | D:7      | HP: 3/78 [manticore (7)]
  5220 | D:7      | HP: 1/78 [manticore (2)]
  5221 | D:7      | Killed a manticore
  5222 | D:7      | Reached skill level 9 in Axes
  5591 | D:7      | Noticed a two-headed ogre
  5597 | D:7      | Found a large runed translucent door.
  5597 | D:7      | Found a large runed translucent door.
  5640 | D:7      | Noticed Pikel
  5736 | D:7      | Killed Pikel
  5846 | D:7      | Found a stormy altar of Qazlal.
  5911 | D:7      | Reached skill level 10 in Axes
  6127 | D:7      | Found an iron altar of Okawaru.
  6131 | D:7      | Found a sacrificial altar of Ru.
  6134 | D:7      | Found a broken altar of Ashenzari.
  6361 | D:7      | Mangled by a two-headed ogre

Illustrated notes

Levels and vault maps discovered:
D:1:      dpeg_arrival_stonehenge_8_columns, layout_loops_ring
D:2:      layout_rooms, basic_ecumenical_altar, serial_shops, shop,
          nicolae_shop_stone, nicolae_shop_behind_doors, uniq_terence
D:3:      layout_loops_ring, fedhas_altar_3, lemuel_round_altar
D:4:      layout_loops_ring, zin_academy
D:5:      layout_rooms
D:6:      layout_cave_pools, kennysheep_mini_moat,
          minmay_temple_entry_sparse_star
D:7:      layout_basic, grunt_qazlal_sundering, nicolae_elyvilon_peaceful_grove,
          grunt_temple_overflow_diamond, nicolae_concentric_dashed_squares_mild,
          minmay_hollow_rounded_squares, uniq_pikel
Temple:   hellmonk_temple_of_storms

Skill      XL: |  1  2  3  4  5  6  7  8  9 |
---------------+----------------------------+-----
Axes           | 3 4 5 7 8 10 | 10.3
Dodging        | 1 2 3 4 6 |  6.1
Fighting       | 4 5 6 7 |  7.7
Armour         | 4 5 6 7 |  7.6
Shields        | 4 5 6 7 |  7.8

Action                   |  1- 3 |  4- 6 |  7- 9 || total
-------------------------+-------+-------+-------++-------
Melee: War axe           |    49 |   154 |   177 ||   380
       Headbutt          |     8 |    33 |    44 ||    85
Evoke: Wand              |       |       |     6 ||     6
  Use: Scroll            |       |     8 |     5 ||    13
       Potion            |       |       |     3 ||     3
Armor: Scale mail        |    31 |    69 |    74 ||   174
       Plate armour      |       |       |     7 ||     7
Dodge: Dodged            |    27 |    65 |    96 ||   188
Block: Buckler           |    11 |    39 |    58 ||   108

Table legend: (Time is in decaauts)
 A = Elapsed time spent in this place.
 B = Non-inter-level travel time spent in this place.
 C = Inter-level travel time spent in this place.
 D = Time resting spent in this place.
 E = Time spent auto-exploring this place.
 F = Levels seen in this place.
 G = Mean time per level.
                   A        B        C        D        E       F      G
               +--------+--------+--------+--------+--------+-----+--------+
         Total |   6450 |   6288 |    162 |   2149 |   3006 |   8 |  806.2 |
       Dungeon |   6409 |   6253 |    156 |   2149 |   2979 |   7 |  915.6 |
        Temple |     40 |     34 |      6 |      0 |     27 |   1 |   40.0 |
               +--------+--------+--------+--------+--------+-----+--------+

Top non-repeatable levels by time:
     D:7: 1919 daAuts
     D:4: 1164 daAuts
     D:3: 888 daAuts
     D:2: 819 daAuts
     D:5: 723 daAuts
     D:1: 658 daAuts
     D:6: 235 daAuts
  Temple: 40 daAuts
